 Dungeon Crawl Stone Soup version 0.31-a0-1005-gfbdfbac (webtiles) character file.

Game seed: 10347372572657533422

701 Partyfoot the Ruffian (level 7, -2/66 HPs)
             Began as a Troll Fighter on Nov 11, 2023.
             Slain by a gnoll
             ... wielding a +0 halberd
             ... led by a gnoll bouda
              (5 damage)
             ... on level 5 of the Dungeon.
             The game lasted 00:13:56 (3125 turns).

Partyfoot the Ruffian (Troll Fighter)               Turns: 3125, Time: 00:13:57

Health: -2/66      AC:  6    Str: 25    XL:     7   Next: 38%
Magic:  6/6        EV:  9    Int:  4    God:
Gold:   242        SH: 16    Dex: 17    Spells: 2/6 levels left

rFire   . .          .
                       - Unarmed
rCold   . . .        b - +1 kite shield
rNeg    . . .        a - +0 robe
rPois   .            e - +2 hood of the Assassin {Detect Stab+ Stlth++}
rElec   .            (no cloak)
rCorr   .            (gloves unavailable)
SInv    .            (boots unavailable)
Will    .....        u - amulet of reflection
Stlth   ++++         h - +6 ring of dexterity
HPRegen 1.11/turn    (no ring)
MPRegen 0.10/turn

%: reflection
@: no status effects
A: large, unfitting armour, claws 3, regeneration 1, shaggy fur 1, tough skin 1
a: no special abilities


You were on level 5 of the Dungeon.
You visited 1 branch of the dungeon, and saw 5 of its levels.
You also visited: Sewer.

You collected 242 gold pieces.

Inventory:

Missiles
 m - 32 stones
Armour
 a - a +0 robe (worn)
 b - a +1 kite shield (worn)
 e - the +2 hood of the Assassin (worn) {Detect Stab+ Stlth++}
   (You acquired it on level 5 of the Dungeon)

   Detect:    It allows the wearer to sense nearby creatures.
   Stab+:     It allows the wearer to make particularly effective stabbing
   attacks against helpless or unaware enemies with any weapon.
   Stlth++:   It makes you much more stealthy.
 v - an orb of light
Jewellery
 h - a +6 ring of dexterity (left claw)
 u - an amulet of reflection (around neck)
Wands
 r - a wand of flame (28)
Scrolls
 d - a scroll of vulnerability
 j - 2 scrolls of enchant armour
 n - a scroll of noise
 q - a scroll of poison {unknown}
 s - 2 scrolls of butterflies {unknown}
 t - 2 scrolls of identify {unknown}
Potions
 c - a potion of might
 f - 2 potions of heal wounds {unknown}
 g - a potion of brilliance {unknown}
 i - a potion of resistance {unknown}
 k - a potion of haste {unknown}
 l - 2 potions of ambrosia {unknown}
 o - 4 potions of invisibility {unknown}
 p - a potion of magic {unknown}


   Skills:
 - Level 2.5 Fighting
 - Level 2.5 Dodging
 + Level 4.7 Shields
 * Level 6.3 Unarmed Combat
 + Level 1.7 Hexes


You had 2 spell levels left.
You knew the following spells:

 Your Spells              Type           Power      Damage    Failure   Level
a - Slow                  Hex            4%         N/A       50%         1
b - Confusing Touch       Hex            1%         N/A       86%         3

Your spell library contained the following spells:

 Spells                   Type           Power      Damage    Failure   Level
 Summon Small Mammal      Summ           0%         N/A       75%         1
 Blink                    Tloc           0%         N/A       86%         2
 Sigil of Binding         Hex            1%         N/A       86%         3
 Inner Flame              Hex/Fire       0%         N/A       94%         3
 Summon Guardian Golem    Hex/Summ       0%         N/A       94%         3
 Call Canine Familiar     Summ           0%         N/A       98%         3
 Vampiric Draining        Necr           0%         2d6       98%         3
 Manifold Assault         Tloc           0%         N/A       100%        4
 Yara's Violent Unravell  Hex/Tmut       0%         3d3       100%        5
 Enfeeble                 Hex            0%         N/A       100%        7


Dungeon Overview and Level Annotations

Branches:
Dungeon (5/15)              Sewer (visited)
 Temple: D:4-7

Altars:
Xom

Portals:
Abyss: D:4

Annotations:
D:4 2 transporters, Speno's ghost, weakling DsDe


Innate Abilities, Weirdness & Mutations

You are too large for most types of armour.
You have claws for hands.
Your natural rate of healing is unusually fast.
You are covered in fur. (AC +1)
You have tough skin. (AC +1)


Message History

You block the gnoll's attack.
You closely miss the white imp.
The white imp is severely wounded.
The white imp gestures at you. The puff of frost misses you.
You block the gnoll's attack.
The gnoll hits you from afar with a +0 halberd.
* * * LOW HITPOINT WARNING * * *
You scratch the white imp but do no damage.
The white imp is severely wounded.
You block the white imp's attack. You block the gnoll's attack.
The gnoll closely misses you.
You claw the white imp!
You kill the white imp!
The gnoll hits you but does no damage. You block the gnoll's attack.
You closely miss the shadow imp. The shadow imp hits you.
* * * LOW HITPOINT WARNING * * *
You block the gnoll's attack. x2
You closely miss the shadow imp. You block the shadow imp's attack.
You block the gnoll's attack. The gnoll barely misses you.
You claw the shadow imp!
The shadow imp is severely wounded.
You block the shadow imp's attack.
The gnoll hits you from afar with a +0 spear.
* * * LOW HITPOINT WARNING * * *
You claw the shadow imp!
You kill the shadow imp!
You block the gnoll's attack. The gnoll hits you with a +0 spear.
* * * LOW HITPOINT WARNING * * *
You block the gnoll's attack.
You scratch the gnoll.
The gnoll is heavily wounded.
You block the gnoll's attack.
The gnoll hits you from afar with a +0 halberd!
* * * LOW HITPOINT WARNING * * *
You scratch the gnoll.
The gnoll is severely wounded.
You block the gnoll's attack.
The gnoll hits you from afar with a +0 halberd.
You die...

### *..# *#..## ..## *#.#
##....###
#..#######.####.......#
>#.[...##.....†..#....#
.#####.....!....#..#..###*
.........................*
.#######........##.#..#*,*
................##..#.##.#***
.....###........@gg.......,,*
.....# ##.......##..#..#..,,*
.....# #......)##....#..#,,*
.....# ####....##........,,*
.....# ####.#.....##.#,,*
.....# #...#.$.#*,.*,* .....#
###.*#...,,,,,* ******
##**...#***** *****


You could see 2 gnolls.

Vanquished Creatures
  A centaur (D:5)
  A scorpion (D:3)
  3 hounds
  2 gnoll boudas
  Natasha (thrice) (D:3)
  15 gnolls
  8 adders
  A shadow imp (D:5)
  A white imp (D:5)
  2 worms
  3 dart slugs
  An orc (D:4)
  7 bats
  11 endoplasms
  3 giant cockroaches
  11 goblins
  4 hobgoblins
  5 jackals
  5 kobolds
  A quokka (D:2)
  10 ball pythons
  11 frilled lizards
  6 rats
115 creatures vanquished.

Notes
Turn   | Place    | Note
-------+----------+-------------------------------------------
     0 | D:1      | Partyfoot the Troll Fighter began the quest for the Orb.
     0 | D:1      | Reached XP level 1. HP: 22/22 MP: 0/0
    87 | D:1      | Reached XP level 2. HP: 29/29 MP: 1/1
   233 | D:1      | Reached XP level 3. HP: 36/36 MP: 2/2
   259 | D:1      | Learned a level 1 spell: Slow
   661 | D:2      | Reached skill level 3 in Unarmed Combat
   676 | D:2      | Reached XP level 4. HP: 35/44 MP: 3/3
   868 | D:2      | Found a faded altar of an unknown god.
   979 | D:2      | Reached skill level 4 in Unarmed Combat
  1159 | D:2      | Found a shimmering altar of Xom.
  1294 | D:3      | Reached XP level 5. HP: 50/50 MP: 4/4
  1512 | D:3      | Noticed Natasha
  1526 | D:3      | Killed Natasha
  1663 | D:3      | Learned a level 3 spell: Confusing Touch
  1693 | D:3      | Noticed Natasha
  1699 | D:3      | Killed Natasha
  1784 | D:3      | Noticed Natasha
  1788 | D:3      | Killed Natasha
  1875 | D:3      | Reached skill level 5 in Unarmed Combat
  1875 | D:3      | Reached XP level 6. HP: 59/59 MP: 5/5
  2197 | D:4      | Noticed Speno's ghost (weakling DsDe)
  2207 | D:4      | Noticed a small abomination
  2467 | D:4      | Found a one-way gate to the infinite horrors of the Abyss.
  2542 | D:4      | Reached skill level 1 in Hexes
  2582 | D:4      | Found a transporter.
  2587 | D:4      | Found a transporter.
  2790 | D:5      | Entered Level 5 of the Dungeon
  2824 | D:5      | Identified a scroll of acquirement
  2824 | D:5      | Acquired the +2 hood of the Assassin {Detect Stab+ Stlth++}
  2824 | D:5      | Found the +2 hood of the Assassin {Detect Stab+ Stlth++}
  2884 | D:5      | Found a glowing drain.
  2897 | Sewer    | Entered a sewer
  2975 | Sewer    | Noticed Pargi
  3018 | D:5      | Reached XP level 7. HP: 38/66 MP: 6/6
  3051 | D:5      | Identified the orb "Joceq" {*channel, Str-3 Int+7}
  3103 | D:5      | Reached skill level 6 in Unarmed Combat
  3124 | D:5      | HP: 2/66 [gnoll/+0 halberd[a gnoll bouda] (13)]
  3125 | D:5      | Slain by a gnoll

Illustrated notes

Levels and vault maps discovered:
D:1:      scummos_arrival_simple_crosswalls, layout_loops_ring, serial_glass,
          glass_columns_c, glass_columns_a, glass_columns_c, glass_columns_a,
          glass_columns_b, glass_columns_b, glass_columns_b, glass_columns_a,
          glass_columns_b, glass_columns_a, glass_columns_a, glass_columns_b,
          glass_columns_a, glass_columns_a, st_stairs_2
D:2:      layout_loops_ring, nicolae_ecumenical_snake_handling, basic_altar
D:3:      layout_loops_corners, uniq_natasha
D:4:      layout_basic, gammafunk_ghost_abyssal_escape,
          kennysheep_generic_room_2
D:5:      layout_rooms, portal_sewer_entry_d, dk_noncrumbling_3, hex_tiny,
          hangedman_abyss_or_decor_lesser_grid, hangedman_decor_slide_cut,
          uniq_grinder

Skill      XL: |  1  2  3  4  5  6  7 |
---------------+----------------------+-----
Shields        | 3 4 |  4.7
Unarmed Combat | 3 4 5 6 |  6.3
Hexes          | 1 |  1.7
Fighting       | |  2.5
Dodging        | |  2.5

Action                     |  1- 3 |  4- 6 |  7- 9 || total
---------------------------+-------+-------+-------++-------
  Melee: Unarmed           |    75 |   169 |    40 ||   284
    Use: Scroll            |       |     9 |       ||     9
   Stab: Sleeping          |     2 |     2 |       ||     4
 Armour: Robe              |    41 |    80 |    31 ||   152
  Dodge: Dodged            |    24 |    68 |     8 ||   100
  Block: Kite shield       |    34 |   117 |    35 ||   186

Table legend: (Time is in decaauts)
 A = Elapsed time spent in this place.
 B = Non-inter-level travel time spent in this place.
 C = Inter-level travel time spent in this place.
 D = Time resting spent in this place.
 E = Time spent auto-exploring this place.
 F = Levels seen in this place.
 G = Mean time per level.
                   A        B        C        D        E       F      G
               +--------+--------+--------+--------+--------+-----+--------+
         Total |   3132 |   2976 |    156 |    105 |   2053 |   6 |  522.0 |
       Dungeon |   3039 |   2883 |    156 |    105 |   2040 |   5 |  607.8 |
         Sewer |     92 |     92 |      0 |      0 |     13 |   1 |   92.0 |
               +--------+--------+--------+--------+--------+-----+--------+

Top non-repeatable levels by time:
     D:3: 770 daAuts
     D:4: 709 daAuts
     D:2: 674 daAuts
     D:1: 644 daAuts
     D:5: 241 daAuts
   Sewer: 92 daAuts
